[Event "*** SCC Grand Prix: Titled Tuesday Blitz"]
[Site "Chess.com"]
[Date "2020.09.08"]
[Round "10"]
[White "KatarinaOstojic"]
[Black "SilviusTiberius"]
[Result "1-0"]
[WhiteElo "2358"]
[BlackElo "2463"]
[TimeControl "180+1"]
[EndTime "11:56:19 PDT"]
[Termination "KatarinaOstojic won by resignation"]

1. d4 Nf6 2. Nf3 g6 3. Bg5 Bg7 4. Nbd2 c5 5. dxc5 Qa5 6. c3 Qxc5 7. Bxf6 Bxf6 8. Ne4 Qb6 9. Nxf6+ Qxf6 10. Qd4 Qxd4 11. Nxd4 Nc6 12. Nxc6 bxc6 13. e4 a5 14. Bd3 d6 15.
O-O Be6 16. Rfe1 Kd7 17. f4 Rhb8 18. f5 gxf5 19. exf5 Bd5 20. c4 Bxg2 21. Kxg2 Rxb2+ 22. Re2 Rab8 23. Re1 Rxe2+ 24. Rxe2 a4 25. Kf3 a3 26. Rc2 Rb1 27. Rc3 Rh1 28. Kg2 Rd1 29. Rxa3 Rd2+ 30. Kg3 d5 31. cxd5 cxd5 32. Ra7+ Kd6 33. Bb5 h5 34. a4 e5 35. Rxf7 e4 36. Rd7+ Ke5 37.
Bc6 d4 38. f6 e3 39. f7 Rf2 40. Bb5 h4+ 41. Kxh4 Rxh2+ 42. Kg3 Rf2 43. a5 Ke6 44. a6 d3 45. Rxd3 Kxf7 46. Rxe3 Rb2 47. a7 1-0

[Event "*** SCC Grand Prix: Titled Tuesday Blitz"]
[Site "Chess.com"]
[Date "2020.09.08"]
[Round "10"]
[White "sodastream007"]
[Black "Jumbo"]
[Result "0-1"]
[WhiteElo "2570"]
[BlackElo "2765"]
[TimeControl "180+1"]
[EndTime "11:56:20 PDT"]
[Termination "Jumbo won by resignation"]

1. d4 g6 2. c4 Bg7 3. e4 d6 4. Nc3 e5 5. dxe5 dxe5 6. Qxd8+ Kxd8 7. Be3 Nd7 8. O-O-O c6 9. f3 Kc7 10. Kc2 Ngf6 11.
Nge2 Bf8 12. Nc1 Bc5 13. Bg5 h6 14. Bh4 Re8 15. Nb3 Bf8 16. Be2 Nh5 17. Rhe1 Nf4 18.
Bf1 Nc5 19. Bf2 Nxb3 20. Kxb3 Ne6 21. Kc2 Bc5 22. Bxc5 Nxc5 23. Rd2 Ne6 24. Ne2 h5 25. Red1 h4 26. g3 Rh8 27. f4 hxg3 28. hxg3 Nc5 29. Nc3 Bg4 30. Be2 Bxe2 31. Rxe2 a5 32. b3 Rae8 33. Rf2 Nd7 34. Rfd2 Re7 35. Rf1 Rh3 36. Rd3 Nc5 37. Rdf3 Ne6 38. fxe5 Nd4+ 39. Kd3 Nxf3 40. Rxf3 Rh5 41. Kd4 Rhxe5 42. Rf6 R5e6 43. Rf4 Rd6+ 44. Ke3 f5 45. Kf3 Rd3+ 0-1

[Event "*** SCC Grand Prix: Titled Tuesday Blitz"]
[Site "Chess.com"]
[Date "2020.09.08"]
[Round "10"]
[White "Thereisnof0rk"]
[Black "Xeniya2005"]
[Result "0-1"]
[WhiteElo "2256"]
[BlackElo "2405"]
[TimeControl "180+1"]
[EndTime "11:56:20 PDT"]
[Termination "Xeniya2005 won on time"]

1. d4 Nf6 2. c4 b6 3. Nc3 Bb7 4.
Qc2 d5 5. Bg5 Nbd7 6. cxd5 Nxd5 7. Nxd5 Bxd5 8. e4 Bb7 9. Nf3 h6 10. Bh4 Rc8 11. Bc4 Nf6 12. e5 Nd5 13. e6 Qd6 14.
exf7+ Kd8 15. O-O g5 16. Bg3 Nf4 17. Ne5 Bg7 18. Rad1 h5 19. Bxf4 gxf4 20. Ng6 Rh6 21. f8=Q+ Bxf8 22. Nxf8 f3 23. gxf3 Bxf3 24. Rfe1 Qf4 25.
Ne6+ Rxe6 26. Bxe6 Qg5+ 0-1

[Event "*** SCC Grand Prix: Titled Tuesday Blitz"]
[Site "Chess.com"]
[Date "2020.09.08"]
[Round "10"]
[White "Keures"]
[Black "Brave_spirit12"]
[Result "1-0"]
[WhiteElo "2383"]
[BlackElo "2485"]
[TimeControl "180+1"]
[EndTime "11:56:22 PDT"]
[Termination "Keures won on time"]

1. d4 Nf6 2. c4 e6 3. Nc3 d5 4.
Bg5 Be7 5. e3 O-O 6. Qc2 c6 7.
cxd5 exd5 8. Nf3 Re8 9. Bd3 h6 10. Bf4 Bg4 11. Ne5 Nbd7 12. h3 Be6 13. g4 Nxe5 14.
Bxe5 c5 15. Bb5 Bd7 16. Bxd7 Qxd7 17. Qa4 Qe6 18. Qb5 Nd7 19. Qxb7 Nxe5 20. dxe5 d4 21. exd4 cxd4 22. Ne4 Rab8 23. Qc7 Bb4+ 24. Kf1 Rbc8 25.
Qxa7 Qxe5 26. Ng3 Rc2 27. Rd1 Be1 28. Rh2 Qb5+ 29. Kg1 Qe5 30. Qxd4 Bxf2+ 31. Kf1 1-0

[Event "*** SCC Grand Prix: Titled Tuesday Blitz"]
[Site "Chess.com"]
[Date "2020.09.08"]
[Round "10"]
[White "PavelChernomordik"]
[Black "creativity"]
[Result "1-0"]
[WhiteElo "2356"]
[BlackElo "2109"]
[TimeControl "180+1"]
[EndTime "11:56:22 PDT"]
[Termination "PavelChernomordik won on time"]

1. e4 e5 2. Nf3 Nc6 3. Bc4 Nf6 4. Ng5 d5 5. exd5 b5 6. Bf1 Nd4 7. c3 Nxd5 8. Nxf7 Kxf7 9. cxd4 exd4 10. Qf3+ Nf6 11.
Bxb5 Rb8 12. Bc4+ Be6 13. Bxe6+ Kxe6 14. O-O Qd5 15. Qe2+ Kf7 16. d3 Bd6 17. Nd2 Rhe8 18.
Qd1 Re7 19. h3 Rbe8 20. Qb3 Re2 21. Nf3 c5 22. Bg5 Rb8 23. Qxd5+ Nxd5 24. b3 Nb4 25. Rfd1 h6 26. Bh4 g5 27. Bg3 Bxg3 28. fxg3 Rbe8 29. Rac1 Rxa2 30. Rxc5 Ree2 31. Ne1 a5 32. Rc4 Nd5 33. Rxd4 Ne3 34. Rc1 Nxg2 35. Re4 Rxe1+ 36. Rcxe1 1-0

[Event "*** SCC Grand Prix: Titled Tuesday Blitz"]
[Site "Chess.com"]
[Date "2020.09.08"]
[Round "10"]
[White "dretch"]
[Black "ChessWarrior7197"]
[Result "0-1"]
[WhiteElo "2803"]
[BlackElo "2957"]
[TimeControl "180+1"]
[EndTime "11:56:25 PDT"]
[Termination "ChessWarrior7197 won by checkmate"]

1. d4 d5 2. c4 e6 3. Nc3 c5 4.
cxd5 exd5 5. Nf3 Nc6 6. g3 Nf6 7. Bg2 cxd4 8. Nxd4 Bc5 9. Nb3 Bb6 10. O-O d4 11. Na4 O-O 12. Bf4 Re8 13. Nbc5 Nd5 14. Rc1 Nxf4 15. gxf4 Qe7 16. Re1 Ba5 17. Rf1 Bg4 18.
Bf3 Bxf3 19. exf3 b5 20. Nd3 Rac8 21. Nac5 Qh4 22. Qb3 Qh3 23. Ne4 Qxf3 24. Ng5 Qh5 25.
Qxb5 h6 26. Rxc6 hxg5 27. Ne5 Bb6 28. Rxc8 Rxc8 29. Qd7 Rd8 30. Qf5 d3 31. Nxd3 Qf3 32. Ne1 Qe2 33. Qxg5 Rd1 34. Qe5 Bxf2+ 35. Rxf2 Rxe1+ 36. Kg2 Qg4# 0-1

[Event "*** SCC Grand Prix: Titled Tuesday Blitz"]
[Site "Chess.com"]
[Date "2020.09.08"]
[Round "10"]
[White "Funo09"]
[Black "mishanick"]
[Result "0-1"]
[WhiteElo "2848"]
[BlackElo "3005"]
[TimeControl "180+1"]
[EndTime "11:56:25 PDT"]
[Termination "mishanick won by resignation"]

1. e4 c5 2. Nc3 d6 3. Nf3 Nf6 4.
d4 cxd4 5. Nxd4 a6 6. h3 b5 7. g4 Bb7 8. Bg2 Nc6 9. O-O Nxd4 10. Qxd4 e5 11. Qd3 Be7 12. Bg5 O-O 13.
Rad1 Qa5 14. a3 Rad8 15. b4 Qc7 16. Bxf6 Bxf6 17. a4 Rc8 18. Nd5 Bxd5 19. exd5 bxa4 20. Be4 g6 21. Qxa6 Qc4 22. Qxd6 Qxe4 23. Qxf6 Rxc2 24. d6 Rc6 25. Rfe1 Qxb4 26. Qxe5 a3 27. d7 Re6 28. d8=Q Rxe5 29. Qxf8+ Kxf8 30. Rxe5 a2 31. Ree1 Qb2 32. Rd8+ Kg7 33. Ra8 Kf6 34. Ra5 Qb4 35. Ra6+ Kg7 36. Ra1 Qb1+ 0-1

[Event "*** SCC Grand Prix: Titled Tuesday Blitz"]
[Site "Chess.com"]
[Date "2020.09.08"]
[Round "10"]
[White "KaterynaLagno"]
[Black "Oligan22"]
[Result "1-0"]
[WhiteElo "2704"]
[BlackElo "2482"]
[TimeControl "180+1"]
[EndTime "11:56:26 PDT"]
[Termination "KaterynaLagno won on time"]

1. e4 c5 2. Nf3 e6 3. d4 cxd4 4. Nxd4 Nc6 5. Nc3 Qc7 6. Be3 a6 7. Be2 b5 8. Nxc6 Qxc6 9. Bf3 Qc7 10. O-O Bb7 11. a3 Bd6 12. g3 Be5 13. Bg2 Bxc3 14.
bxc3 Ne7 15. Bd4 e5 16. Be3 O-O 17. a4 d6 18. axb5 axb5 19. Qd3 Bc6 20. Rfd1 Rxa1 21.
Rxa1 Ra8 22. Rxa8+ Bxa8 23. Qxb5 Bc6 24. Qb4 h6 25. h4 Bb7 26. c4 Nc6 27. Qb6 Qxb6 28.
Bxb6 Nb4 29. Bc7 Nxc2 30. Bxd6 f6 31. Bc5 Ba6 32. Bf1 Kf7 33. f3 Ke6 34. Kf2 Na1 35.
Ke3 Nb3 36. Bb4 g6 37. f4 1-0

[Event "*** SCC Grand Prix: Titled Tuesday Blitz"]
[Site "Chess.com"]
[Date "2020.09.08"]
[Round "10"]
[White "Martins-BR"]
[Black "tmr88"]
[Result "1-0"]
[WhiteElo "2266"]
[BlackElo "2114"]
[TimeControl "180+1"]
[EndTime "11:56:27 PDT"]
[Termination "Martins-BR won on time"]

1. e4 e5 2. Nf3 Nc6 3. d4 exd4 4. Nxd4 Nf6 5. Nc3 Bb4 6. Nxc6 bxc6 7. Bd3 d5 8. exd5 cxd5 9. O-O O-O 10. h3 Bd6 11. Bg5 c6 12. Qf3 h6 13. Bh4 Rb8 14. b3 Be5 15.
Na4 Rb4 16. Bxf6 Qxf6 17. Qxf6 Bxf6 18. Rad1 Re8 19. c4 dxc4 20. Bxc4 Bf5 21. Rfe1 Rxe1+ 22. Rxe1 Kf8 23. g4 Bc2 24. Nc5 Be7 25. Nd7+ Ke8 26.
Ne5 Bg6 27. Nxc6 Rb7 28. f4 Kf8 29. f5 Bc5+ 30. Kg2 Bh7 31. Rd1 g5 32. Rd8+ Kg7 33.
Rd5 Bb6 34. Ne5 h5 35. Rd7 Rxd7 36. Nxd7 Bd4 37. a4 Bg8 38. Kf3 hxg4+ 39. hxg4 f6 40. Bxg8 Kxg8 41. Ke4 Bb2 42. Kd5 Kf7 43. b4 Ke7 44.
Kc6 Kd8 45. b5 Bd4 46. a5 Be3 47. b6 axb6 48. axb6 1-0

[Event "*** SCC Grand Prix: Titled Tuesday Blitz"]
[Site "Chess.com"]
[Date "2020.09.08"]
[Round "10"]
[White "AnishOnYoutube"]
[Black "Alexsur1981"]
[Result "1-0"]
[WhiteElo "2948"]
[BlackElo "2728"]
[TimeControl "180+1"]
[EndTime "11:56:28 PDT"]
[Termination "AnishOnYoutube won by resignation"]

1. d4 d6 2. Nf3 Bg4 3. e4 Nd7 4. h3 Bh5 5. Nc3 c6 6. Be2 Bg6 7. O-O e5 8. Re1 Be7 9. Be3 Ngf6 10. dxe5 dxe5 11. Nd2 O-O 12. Bf3 Qc7 13. a4 Rfd8 14.
Qe2 Nf8 15. Qc4 Ne6 16. Nb3 b6 17. Rad1 Rxd1 18. Rxd1 Rd8 19. Rxd8+ Qxd8 20. Qxc6 h6 21. Nd5 Nxd5 22. exd5 Ng5 23. Be2 Be4 24. c4 Bf8 25. a5 Qe7 26. Nd2 Bf5 27. axb6 axb6 28. Qxb6 Nxh3+ 29. gxh3 Bxh3 30. Bf1 Qh4 31. Bxh3 Qxh3 32.
Qb3 f5 33. d6 f4 34. Bxf4 Qg4+ 35.
Bg3 Kh8 36. c5 e4 37. Nf1 h5 38. Qf7 1-0

[Event "*** SCC Grand Prix: Titled Tuesday Blitz"]
[Site "Chess.com"]
[Date "2020.09.08"]
[Round "10"]
[White "OscarAng"]
[Black "eightbyeightchess"]
[Result "0-1"]
[WhiteElo "2270"]
[BlackElo "2443"]
[TimeControl "180+1"]
[EndTime "11:56:28 PDT"]
[Termination "eightbyeightchess won by resignation"]

1. d4 d5 2. Bg5 Nf6 3. c3 Ne4 4. Bf4 Bf5 5. Nd2 e6 6. f3 Nf6 7. Bg5 h6 8. Bh4 Be7 9. e3 Nbd7 10. g4 Bh7 11. Bg3 c5 12. h4 Qb6 13. Qb3 c4 14. Qxb6 axb6 15. a3 Ra5 16. g5 Nh5 17.
Bf2 Bg6 18. gxh6 Rxh6 19. e4 Nf4 20. Bg3 Nh5 21. Bf2 b5 22. exd5 exd5 23. Bh3 b4 24. cxb4 Bxb4 25. Ne2 Bd3 26. Nc3 Nf4 27. Bf1 Bxc3 28.
bxc3 Re6+ 29. Kd1 Rea6 30. Be3 Rxa3 31. Rc1 Bxf1 32. Bxf4 Bd3 33. Re1+ Kd8 34. Bd6 Ra1 35. Re7 Rxc1+ 36. Kxc1 Rxd6 37. Rxf7 Rg6 38. h5 Rg1+ 39. Kb2 Rg2 40. Kc1 Nb6 41. Rxg7 Rxg7 0-1

[Event "*** SCC Grand Prix: Titled Tuesday Blitz"]
[Site "Chess.com"]
[Date "2020.09.08"]
[Round "10"]
[White "Yaacovn"]
[Black "seorobert1971"]
[Result "1-0"]
[WhiteElo "2891"]
[BlackElo "2687"]
[TimeControl "180+1"]
[EndTime "11:56:29 PDT"]
[Termination "Yaacovn won by resignation"]

1. d4 d5 2. Nf3 Nf6 3. Bf4 Bf5 4. e3 e6 5. c4 Bxb1 6. Qxb1 Bb4+ 7. Kd1 Bd6 8. Bg5 c6 9. Bd3 Nbd7 10. Ke2 h6 11. Bh4 Qe7 12. Rc1 O-O 13. Kf1 dxc4 14. Bxc4 e5 15. Kg1 Rae8 16. Qc2 Nb6 17. Bb3 Nbd7 18.
Rd1 Rd8 19. Qf5 Rfe8 20. Rac1 exd4 21. Nxd4 Qe5 22. Qh3 Nc5 23. Bc2 Bf8 24. Qf3 Rd6 25. Bg3 Qd5 26. Bxd6 Bxd6 27. Nf5 Qxf3 28. gxf3 Bf8 29.
b4 Ne6 30. a3 a5 31. bxa5 Ra8 32. Rb1 Ra7 33. a6 b5 34. a4 b4 35. Bd3 g6 36. Ng3 Nd5 37. Ne4 f5 38. Bc4 fxe4 39.
fxe4 Nc3 40. Bxe6+ Kh8 41. Bc4 Nxb1 42. Rxb1 Kg7 43.
e5 c5 44. f4 Be7 45. Kf2 Bd8 46. Kf3 Rd7 47. Rd1 Rxd1 48. a7 1-0

[Event "*** SCC Grand Prix: Titled Tuesday Blitz"]
[Site "Chess.com"]
[Date "2020.09.08"]
[Round "10"]
[White "Justinz"]
[Black "BUITRONGHAO"]
[Result "1-0"]
[WhiteElo "2424"]
[BlackElo "2540"]
[TimeControl "180+1"]
[EndTime "11:56:29 PDT"]
[Termination "Justinz won on time"]

1. e4 c6 2. d4 d5 3. e5 Bf5 4. h4 h5 5. c4 e6 6. Nc3 Ne7 7.
Nge2 Ng6 8. Bg5 Be7 9. Bxe7 Qxe7 10. Ng3 Nxh4 11. Nxh5 Kf8 12. g4 Be4 13. Rh3 Bg2 14. cxd5 Bxd5 15. Nxd5 cxd5 16. Qd2 Nc6 17. O-O-O Rc8 18.
Kb1 Ng6 19. f4 Qb4 20. Rc3 Nge7 21. a3 Qb6 22. Qc2 Ng8 23. f5 Nge7 24. fxe6 fxe6 25. Rf3+ Ke8 26. Qf2 Kd7 27. Nxg7 Rcg8 28. Nh5 Rxg4 29.
Nf6+ Kc8 30. Nxg4 Nf5 31. Rxf5 exf5 32. Qxf5+ Kb8 33. e6 Re8 34. Nf6 Re7 35. Nxd5 1-0

[Event "*** SCC Grand Prix: Titled Tuesday Blitz"]
[Site "Chess.com"]
[Date "2020.09.08"]
[Round "10"]
[White "lider34"]
[Black "ecwinslow"]
[Result "1-0"]
[WhiteElo "2408"]
[BlackElo "2292"]
[TimeControl "180+1"]
[EndTime "11:56:29 PDT"]
[Termination "lider34 won on time"]

1. e4 d6 2. d4 Nf6 3. Nc3 g6 4.
g3 Bg7 5. Bg2 O-O 6. h3 e5 7.
Nge2 c6 8. a4 a5 9. O-O Na6 10.
Bg5 h6 11. Be3 Nb4 12. Qd2 Kh7 13. g4 Be6 14. Ng3 Bc4 15. Rfe1 Qc7 16. b3 Ba6 17. Rad1 Rad8 18. f4 exd4 19. Bxd4 d5 20. Qf2 Nd7 21.
Bxg7 Kxg7 22. exd5 cxd5 23. Nxd5 Nxd5 24. Rxd5 Nf6 25.
Rde5 Qc3 26. R1e3 Qa1+ 27. Kh2 Rd1 28. Rxa5 Rfd8 29. c4 Qc1 30. Rae5 R8d2 31. Re2 Rxe2 32. Rxe2 h5 33. gxh5 Nxh5 34. Nxh5+ gxh5 35. Qg3+ Kh7 36. Be4+ 1-0

[Event "*** SCC Grand Prix: Titled Tuesday Blitz"]
[Site "Chess.com"]
[Date "2020.09.08"]
[Round "10"]
[White "Euge_chess"]
[Black "Konek-Gorbunok"]
[Result "0-1"]
[WhiteElo "2128"]
[BlackElo "2335"]
[TimeControl "180+1"]
[EndTime "11:56:34 PDT"]
[Termination "Konek-Gorbunok won on time"]

1. e4 c5 2. c3 d6 3. d4 cxd4 4. cxd4 Nf6 5. Nc3 g6 6. Nf3 Bg7 7. Bb5+ Nbd7 8. e5 dxe5 9. dxe5 Ng4 10. Bf4 O-O 11. Qe2 a6 12. Bc4 Qc7 13. Nd5 Qa5+ 14. Bd2 Qd8 15. e6 Nde5 16. exf7+ Kh8 17. Bc3 Nxc4 18.
Qxc4 Be6 19. Bxg7+ Kxg7 20. Qc3+ Nf6 21. Nxf6 exf6 22.
O-O Rxf7 23. Rfe1 Bd7 24. Rad1 Qb6 25. Nd4 Rc8 26. Qd2 Rc5 27. b3 Rd5 28. Qe3 Qd6 29. h3 Bc8 0-1

[Event "*** SCC Grand Prix: Titled Tuesday Blitz"]
[Site "Chess.com"]
[Date "2020.09.08"]
[Round "10"]
[White "AliKa2810"]
[Black "plumalka"]
[Result "0-1"]
[WhiteElo "2551"]
[BlackElo "2451"]
[TimeControl "180+1"]
[EndTime "11:56:36 PDT"]
[Termination "plumalka won by resignation"]

1. d4 Nf6 2. c4 c5 3. d5 b5 4. cxb5 a6 5. bxa6 Bxa6 6. Nc3 g6 7. Nf3 d6 8. e4 Bxf1 9. Kxf1 Bg7 10. g3 O-O 11. Kg2 Nbd7 12. a4 Ra6 13. Qc2 Qa8 14.
Nb5 Qb7 15. Rd1 Rfa8 16. h3 Nb6 17. Nc3 Nc4 18. b3 Na5 19. Rb1 Qb4 20. Re1 c4 21. bxc4 Qxc4 22. Nd2 Qc5 23. Qd3 Nd7 24. Nb5 Ne5 25.
Qe2 Qc2 26. Nf3 Qxb1 27. Nxe5 Bxe5 28. Nc7 Qb7 29. Nxa8 Rxa8 30. Bh6 Bg7 31. Bxg7 Kxg7 32. Qe3 Qb4 33. e5 Qc5 34. Qe4 dxe5 35. Qxe5+ f6 36.
Qxe7+ Qxe7 37. Rxe7+ Kg8 38. d6 Rd8 39. d7 Kf8 40. Rxh7 Nc6 41. h4 Kg8 42. Rh6 Kg7 0-1

[Event "*** SCC Grand Prix: Titled Tuesday Blitz"]
[Site "Chess.com"]
[Date "2020.09.08"]
[Round "10"]
[White "GOGIEFF"]
[Black "gmasterkiller"]
[Result "1-0"]
[WhiteElo "2904"]
[BlackElo "2596"]
[TimeControl "180+1"]
[EndTime "11:56:37 PDT"]
[Termination "GOGIEFF won on time"]

1. d4 Nf6 2. c4 g6 3. Nc3 Bg7 4. e4 O-O 5. Bg5 d6 6. Qd2 c5 7. d5 e6 8. Bd3 exd5 9. cxd5 Re8 10. Nge2 a6 11. a4 Nbd7 12. O-O Qc7 13. f4 c4 14. Bc2 Rb8 15. Nd4 h6 16. Bh4 Nh7 17. Bf2 Nc5 18.
Qe2 Nd7 19. Rad1 Qa5 20. Qxc4 b5 21. Qe2 Bxd4 22. Bxd4 b4 23. Nb1 b3 24. Bd3 Qxa4 25. Qf2 Ndf6 26. Nc3 Qd7 27. h3 Bb7 28. Ra1 Rbc8 29.
Ra3 Ba8 30. Rxb3 Rb8 31. Ra3 Rb4 32. Rxa6 Qb7 33. Ra7 Qb8 34. Rb1 Nh5 35. e5 Nxf4 36. Bb5 dxe5 37. Bxe8 Rxd4 38. Bxf7+ Kh8 39. Rba1 Ng5 40.
Rxa8 Ngxh3+ 41. gxh3 Nxh3+ 42. Kg2 Nxf2 43. Rxb8+ Kg7 44.
Kxf2 Kxf7 45. Ra7+ 1-0

[Event "*** SCC Grand Prix: Titled Tuesday Blitz"]
[Site "Chess.com"]
[Date "2020.09.08"]
[Round "10"]
[White "Ermito2020"]
[Black "skoularikii"]
[Result "1-0"]
[WhiteElo "2643"]
[BlackElo "2498"]
[TimeControl "180+1"]
[EndTime "11:56:37 PDT"]
[Termination "Ermito2020 won on time"]

1. e4 e5 2. Nf3 Nc6 3. d4 exd4 4.
Bc4 Nf6 5. O-O Nxe4 6. Re1 d5 7. Bxd5 Qxd5 8. Nc3 Qh5 9. Nxe4 Be7 10. Bg5 Be6 11. Bxe7 Kxe7 12. Nxd4 Qxd1 13. Nxc6+ bxc6 14. Raxd1 Rad8 15. b3 Rxd1 16. Rxd1 Bf5 17. Re1 Rd8 18. f3 Rd4 19.
Ng3+ Kf6 20. Re2 Rd1+ 21. Kf2 Rc1 22. c4 Bb1 23. Rd2 Rc2 24. Ne4+ Ke5 25. Rxc2 Bxc2 26. Ke3 f5 27. Nc5 f4+ 28. Kd2 Bb1 29. Na6 Bxa2 30. Kc2 Kd4 31. Kb2 Ke3 32. Nxc7 Kf2 33. Ne6 Kxg2 34.
Nxf4+ Kxh2 35. Kxa2 g6 36. Ne6 Kg3 37. Nf8 h5 38.
Nxg6 Kxf3 39. c5 Ke4 40. b4 Kd5 41. Kb3 a5 42. Nf4+ Kd4 43. Nxh5 1-0

[Event "*** SCC Grand Prix: Titled Tuesday Blitz"]
[Site "Chess.com"]
[Date "2020.09.08"]
[Round "10"]
[White "Hikaru"]
[Black "daro94"]
[Result "1-0"]
[WhiteElo "3202"]
[BlackElo "2976"]
[TimeControl "180+1"]
[EndTime "11:56:38 PDT"]
[Termination "Hikaru won on time"]

1. Nf3 Nf6 2. b3 e6 3. Bb2 d5 4. g3 Be7 5. Bg2 O-O 6. O-O b6 7. d3 Bb7 8. Nbd2 c5 9. e3 Nc6 10. Qe2 Qc7 11. c4 Rfd8 12. a3 Rac8 13. Rac1 Qb8 14.
cxd5 Nxd5 15. e4 Nf6 16. Rfd1 Nd7 17. Nc4 b5 18. Ne3 Nde5 19. Nxe5 Nxe5 20. f4 Nc6 21. f5 Nd4 22. Qg4 Qe5 23. Rf1 g6 24. Kh1 Rf8 25. Rce1 Kh8 26. Qd1 h5 27. b4 Kh7 28.
Nc2 a5 29. Nxd4 cxd4 30. bxa5 h4 31. Qg4 hxg3 32. Qxg3 Qxg3 33. hxg3 Rc2 34. Bxd4 exf5 35. a6 Ba8 36. Rb1 Rd8 37. Rf2 Rc6 38. Ba1 Rxa6 39. exf5 Bxg2+ 40. Kxg2 Rxd3 41. Rh1+ 1-0

[Event "*** SCC Grand Prix: Titled Tuesday Blitz"]
[Site "Chess.com"]
[Date "2020.09.08"]
[Round "10"]
[White "enriquebutti"]
[Black "IroniaSudby"]
[Result "1-0"]
[WhiteElo "1889"]
[BlackElo "2492"]
[TimeControl "180+1"]
[EndTime "11:56:38 PDT"]
[Termination "enriquebutti won on time"]

1. d4 Nf6 2. Nf3 e6 3. e3 b6 4.
Bd3 Bb7 5. O-O c5 6. b3 Be7 7. Bb2 O-O 8. c4 d5 9. Nbd2 a6 10. Rc1 Nc6 11. a3 Rc8 12. Qe2 Qc7 13. cxd5 exd5 14. Bxa6 Rfe8 15. Bxb7 Qxb7 16. dxc5 bxc5 17. Bxf6 gxf6 18. Nh4 Ne5 19. Nf5 Bf8 20. f4 Ng6 21.
Qg4 Kh8 22. Rf3 c4 23. Rh3 cxb3 24. Re1 Rxe3 25. Rexe3 Rc1+ 26. Kf2 Bc5 27. Qh5 Nf8 28.
Qh6 Bxe3+ 29. Rxe3 Ne6 30. Rxe6 Qa7+ 31. Kg3 Rc3+ 32. Kg4 1-0

[Event "*** SCC Grand Prix: Titled Tuesday Blitz"]
[Site "Chess.com"]
[Date "2020.09.08"]
[Round "10"]
[White "latixxa"]
[Black "dosto07"]
[Result "0-1"]
[WhiteElo "2141"]
[BlackElo "2301"]
[TimeControl "180+1"]
[EndTime "11:56:40 PDT"]
[Termination "dosto07 won by resignation"]

1. c4 e5 2. Nc3 Nf6 3. Nf3 Nc6 4. e4 Bc5 5. Nxe5 Nxe5 6. d4 Bb4 7. dxe5 Nxe4 8.
Qf3 Nxc3 9. bxc3 Bc5 10. Qg3 g6 11. Bh6 Bf8 12. Bg5 Be7 13. Bh6 d6 14. Be2 Bf8 15. Bg5 Be7 16. Bh6 Qd7 17. Rd1 Qe6 18.
f4 Bd7 19. O-O O-O-O 20. Qf2 Kb8 21. Bf3 Qxc4 22. Bd5 Qc5 23. Rd4 Be6 24. Be4 dxe5 25. fxe5 Qxc3 26. Be3 Rxd4 27. Bxd4 Qa5 28. Rb1 Bc8 29.
Qc2 Rd8 30. Bf2 Rd2 31. Qc6 Rd1+ 32. Rxd1 bxc6 33. Rb1+ Bb4 34. a3 Qxa3 35. Bc5 a5 36.
Bxc6 Bf5 37. Bxb4 Qe3+ 0-1

[Event "*** SCC Grand Prix: Titled Tuesday Blitz"]
[Site "Chess.com"]
[Date "2020.09.08"]
[Round "10"]
[White "Happy1712Drummer"]
[Black "Karina_Ivanova"]
[Result "1-0"]
[WhiteElo "2405"]
[BlackElo "2267"]
[TimeControl "180+1"]
[EndTime "11:56:41 PDT"]
[Termination "Happy1712Drummer won on time"]

1. d4 Nf6 2. c4 e6 3. g3 Bb4+ 4. Nd2 c5 5. a3 Bxd2+ 6. Qxd2 cxd4 7. Nf3 d5 8. cxd5 Nxd5 9. Nxd4 e5 10. Nb5 O-O 11. Bg2 Be6 12. e4 Nb6 13. Qxd8 Rxd8 14. Nc7 Nc6 15. Nxa8 Rxa8 16. O-O Nd4 17. Be3 Nc2 18.
Rac1 Nxe3 19. fxe3 Nc4 20. Rf2 Rd8 21. Re2 b5 22.
Bf1 Rd3 23. Ree1 Rb3 24. Red1 g6 25. Bxc4 bxc4 26. Rd8+ Kg7 27. Ra8 Rxb2 28. Rxa7 Rb3 29. a4 Rxe3 30. a5 Ra3 31. Kf2 Ra2+ 32. Ke3 Bg4 33.
Re1 Ra3+ 34. Kd2 c3+ 35. Kc2 Be6 36. Re3 1-0

[Event "*** SCC Grand Prix: Titled Tuesday Blitz"]
[Site "Chess.com"]
[Date "2020.09.08"]
[Round "10"]
[White "uthoang"]
[Black "romulocardoso"]
[Result "0-1"]
[WhiteElo "2215"]
[BlackElo "2067"]
[TimeControl "180+1"]
[EndTime "11:56:41 PDT"]
[Termination "romulocardoso won by resignation"]

1. d4 Nf6 2. Nf3 e6 3. g3 d5 4.
Bg2 b6 5. O-O Bb7 6. b3 Bd6 7.
Bb2 O-O 8. Nbd2 Nbd7 9. e3 Rc8 10. Rc1 c5 11. c4 Ne4 12. Nxe4 dxe4 13. Nd2 f5 14. f3 exf3 15. Bxf3 Bxf3 16. Qxf3 Nf6 17. d5 exd5 18. cxd5 Ng4 19. Nc4 Bb8 20. h3 Nh6 21. Kg2 b5 22. Ne5 Qd6 23. Nc6 Rce8 24. Nxb8 Qxb8 25.
Rxc5 Qb6 26. Bd4 Nf7 27. Rc6 Qa5 28. Re6 Ng5 29. Qe2 Nxe6 30. dxe6 Rxe6 31. Qd3 Qxa2+ 32. Rf2 Qa6 33. Rxf5 Qa2+ 34. Kf3 Rxf5+ 35. Qxf5 Qxb3 36. Qg5 Qd1+ 37. Kg2 Qe2+ 38. Kg1 Qd1+ 39. Kg2 Qc2+ 40. Kg1 Qg6 41. Qd8+ Re8 42. Qd5+ Kh8 43. Kg2 Qe4+ 44. Qxe4 Rxe4 45. Kf3 Re7 46. Bc5 Rc7 47. Bd6 Rc6 48.
Bb4 Rc4 49. Ba5 Ra4 50. Bc7 b4 51. Ke2 a5 52. Be5 Ra2+ 53. Kd3 b3 54. Bd4 0-1

[Event "*** SCC Grand Prix: Titled Tuesday Blitz"]
[Site "Chess.com"]
[Date "2020.09.08"]
[Round "10"]
[White "hellokostya"]
[Black "Sethu0025"]
[Result "1/2-1/2"]
[WhiteElo "2514"]
[BlackElo "2699"]
[TimeControl "180+1"]
[EndTime "11:56:42 PDT"]
[Termination "Game drawn by repetition"]

1. d4 d5 2. c4 e6 3. Nf3 Nf6 4. Nc3 c6 5. e3 Nbd7 6. b3 Bd6 7. Bd3 O-O 8. Bb2 b6 9. Qc2 Bb7 10. O-O Qe7 11. Rad1 Rac8 12. e4 dxe4 13. Nxe4 Nxe4 14.
Bxe4 f5 15. Bd3 c5 16. d5 exd5 17. cxd5 Qf7 18. Ng5 Qg6 19. f4 h6 20. Ne6 Rf7 21. Bc4 Nf6 22. h3 Ne4 23. Qd3 Re8 24. Kh2 Rfe7 25.
Rde1 a6 26. a4 h5 27. Kg1 h4 28. Ng5 Nxg5 29. Rxe7 Rxe7 30. fxg5 Qxg5 31. Rxf5 Re1+ 32. Rf1 Re3 33. Qf5 Qxf5 34. Rxf5 Re1+ 35. Rf1 Re4 36. Rd1 Re3 37. Kf2 Re7 38. Kf3 Bc8 39. Bc3 Rf7+ 40. Ke2 Re7+ 41. Kf3 Rf7+ 42. Ke2 Re7+ 43. Kf3 1/2-1/2

[Event "*** SCC Grand Prix: Titled Tuesday Blitz"]
[Site "Chess.com"]
[Date "2020.09.08"]
[Round "10"]
[White "Larina_Marija"]
[Black "Mbneu"]
[Result "0-1"]
[WhiteElo "2090"]
[BlackElo "2261"]
[TimeControl "180+1"]
[EndTime "11:56:42 PDT"]
[Termination "Mbneu won by resignation"]

1. e4 c5 2. Nc3 a6 3. g3 b5 4.
Bg2 Bb7 5. a4 b4 6. Na2 e6 7. c3 a5 8. d4 Nf6 9. Qd3 b3 10. Bg5 bxa2 11. Rxa2 Be7 12. Ne2 Ba6 13. c4 Nc6 14. Ra1 Nb4 15. Qb3 Rb8 16. O-O cxd4 17. Nxd4 O-O 18. Nb5 Ng4 19. Bf4 e5 20. Bd2 Bc5 21.
h3 Nf6 22. Kh2 d6 23. Rad1 h6 24. f4 Bxb5 25. axb5 Nd7 26. f5 Bd4 27. Ra1 Nc5 28. Qd1 Nbd3 29. Bxa5 Qf6 30. b4 Bxa1 31. bxc5 Nxc5 32.
Qxa1 Nb3 33. Qa3 Nxa5 34. Qxa5 Rfc8 35. Rc1 Qg5 36. Qa3 Qd2 37. Kh1 Rxb5 38. Bf1 Rb2 39. Rc2 Rxc2 0-1

[Event "*** SCC Grand Prix: Titled Tuesday Blitz"]
[Site "Chess.com"]
[Date "2020.09.08"]
[Round "10"]
[White "Gorin_Leonid"]
[Black "Zavgorodniy_Serg"]
[Result "1-0"]
[WhiteElo "2646"]
[BlackElo "2779"]
[TimeControl "180+1"]
[EndTime "11:56:43 PDT"]
[Termination "Gorin_Leonid won by resignation"]

1. e4 e5 2. Nf3 d6 3. d4 exd4 4. Nxd4 Nf6 5. f3 Be7 6. c4 O-O 7. Nc3 c6 8. Be3 a6 9. Be2 b5 10. O-O Re8 11. Qd2 Bf8 12. a3 Bb7 13. Rfd1 Nbd7 14.
Rac1 g6 15. Bh6 Be7 16. Bf1 Qb6 17. Be3 Qd8 18. Kh1 Bf8 19. Bh6 Bxh6 20. Qxh6 Qe7 21. Qd2 Rad8 22. Qf2 h5 23. Nb3 Ne5 24. Na5 Ba8 25. b4 g5 26. Ne2 c5 27. Ng3 Qe6 28.
cxb5 g4 29. b6 gxf3 30. gxf3 h4 31. b7 hxg3 32. Qxg3+ Kf8 33. bxa8=Q Rxa8 34. Nb7 Nh5 35. Qg5 Ng7 36. Nxd6 Nxf3 37. Qf4 Nd4 38. Nxe8 Rxe8 39. bxc5 Nh5 40. Qd6+ Qxd6 41. cxd6 1-0